 Dungeon Crawl Stone Soup version 0.25-a0-96-g4073cf80fb (webtiles) character file.

Game seed: 4711611023655005897, levelgen mode: deterministic

10036 MisterFreud the Nimble (level 11, -11/105 HPs)
             Began as a Troll Monk on Nov 11, 2019.
             Was a High Priest of Okawaru.
             Mangled by a death yak (28 damage)
             ... on level 9 of the Dungeon.
             The game lasted 00:13:39 (7694 turns).

MisterFreud the Nimble (Troll Monk)                 Turns: 7694, Time: 00:13:40

Health: -11/105    AC:  7    Str: 22    XL:     11   Next: 30%
Magic:  14/14      EV: 16    Int:  6    God:    Okawaru [*****.]
Gold:   579        SH: 12    Dex: 19    Spells: 10/10 levels left

rFire    + . .     SeeInvis .     - Unarmed
rCold    . . .     Gourm    +   G - +2 shield
rNeg     . . .     Faith    .   a - +1 robe
rPois    .         Spirit   .   (helmet restricted)
rElec    .         Reflect  .   (no cloak)
rCorr    .         Harm     .   (gloves unavailable)
MR       .....                  (boots unavailable)
Stlth    ++........             l - amulet of rage
HPRegen  0.67/turn              q - +5 ring of dexterity
MPRegen  0.14/turn              E - ring of protection from fire

@: no status effects
A: large, unfitting armour, claws 3, fast metabolism 3, gourmand, regeneration
1, shaggy fur 1, tough skin 3
a: Heroism, Finesse, Renounce Religion, Evoke Berserk Rage


You were on level 9 of the Dungeon.
You worshipped Okawaru.
Okawaru was extremely pleased with you.
You were completely stuffed.

You visited 2 branches of the dungeon, and saw 11 of its levels.

You collected 579 gold pieces.

Inventory:

Missiles
 e - 2 throwing nets (quivered)
 u - 6 javelins
 z - 11 boomerangs
Armour
 a - a +1 robe (worn)
 G - a +2 shield (worn)
Jewellery
 g - an uncursed ring of flight
 l - an amulet of rage (around neck)
 p - an uncursed ring of protection from magic
 q - a +5 ring of dexterity (left claw)
 E - a ring of protection from fire (right claw)
Wands
 s - a wand of flame (38)
 x - a wand of random effects (13)
Scrolls
 c - 2 scrolls of teleportation
 k - 4 scrolls of amnesia
 m - 3 scrolls of magic mapping
 o - 6 scrolls of enchant armour
 t - a scroll of fog
 w - 2 scrolls of enchant weapon
 y - 2 scrolls of remove curse
 D - a scroll of identify
Potions
 d - a potion of haste
 f - 7 potions of agility
 h - a potion of brilliance
 i - 7 potions of curing
 j - 2 potions of mutation
 n - a potion of berserk rage {unknown}
 r - a potion of might
Comestibles
 b - 25 rations
 v - 6 chunks of flesh


   Skills:
 + Level 6.2 Fighting
 - Level 10.0 Dodging
 - Level 1.0 Stealth
 + Level 4.3 Shields
 + Level 8.9 Unarmed Combat
 - Level 6.0 Invocations


You had 10 spell levels left.
You didn't know any spells.
Your spell library contained the following spells:

 Spells                   Type           Power        Failure   Level  Hunger
 Confusing Touch          Hex            #.....       80%         1    ##.....
 Magic Dart               Conj           #...         80%         1    ##.....
 Blink                    Tloc           N/A          90%         2    ###....
 Call Imp                 Summ           #.......     90%         2    ###....
 Poisonous Vapours        Pois/Air       #.....       90%         2    ###....
 Slow                     Hex            #.......     90%         2    ###....
 Confuse                  Hex            #.......     99%         3    ####...
 Conjure Flame            Conj/Fire      #.......     99%         3    ####...
 Gell's Gravitas          Tloc           #.........   99%         3    ####...
 Mephitic Cloud           Conj/Pois/Air  #.......     99%         3    ####...
 Petrify                  Tmut/Erth      #.......     100%        4    #####..
 Metabolic Englaciation   Hex/Ice        #.........   100%        5    ######.
 Yara's Violent Unravell  Hex/Tmut       #.........   100%        5    ######.
 Freezing Cloud           Conj/Ice/Air   #.........   100%        6    #######
 Ring of Flames           Chrm/Fire      #.........   100%        7    #######


Dungeon Overview and Level Annotations

Branches:
Dungeon (10/15)            Temple (1/1) D:4            Lair (0/6) D:9
    Orc: D:9-12

Altars:
Ashenzari
Cheibriados
Dithmenos
Elyvilon
Fedhas
Gozag
Hepliaklqana
Kikubaaqudgha
Makhleb
Nemelex Xobeh
Okawaru
Qazlal
Ru
Sif Muna
Trog
Uskayaw
Vehumet
Wu Jian
Xom
Yredelemnul
The Shining One

Shops:
D:4 (


Innate Abilities, Weirdness & Mutations

You are too large for most types of armour.
You have claws for hands.
Your metabolism is lightning-fast.
You like to eat raw meat.
Your natural rate of healing is unusually fast.
You are covered in fur. (AC +1)
You have extremely tough skin. (AC +3)


Message History

You claw the death yak!
The death yak is moderately wounded.
You mangle the death yak!!
The death yak is severely wounded.
You feel like a meek peon again. The death yak completely misses you.
You claw the death yak!
The death yak is severely wounded.
The death yak gores you!!
* * * LOW HITPOINT WARNING * * *
You scratch the death yak.
The death yak is almost dead.
The death yak gores you.
* * * LOW HITPOINT WARNING * * *
Unknown command.
You completely miss the death yak.
The death yak is severely wounded.
The death yak snorts and paws the ground.
The death yak gores you!!
You die...

.##
#..#...........c###.#######.
#.# #..............rY....#
#. .##
#..........####Y###..# #. ##
####.####### #.# ...# #+ ##
#.# #.##.#.# >## ##.#
#Y.>...# ..## ##..# ###..###
...####...###########...####
...'............@YY........+
...####.......#######...####
..## #...###.# ##†.# .##
#.#.###.# #####.##### ##
#....##.# #.........# #
#.....#.# #.###.###.# #+
#....##.# ...###.####. #
#.#.###.# ...........##. #
#.#.###.# #.........#.##.


You could see 2 death yaks.

Vanquished Creatures
  A hydra (D:8)
  A death yak (D:9)
  3 hippogriffs
  Grinder (D:4)
  2 dream sheep (D:8)
  8 yaks
  Grum (D:9)
  3 hungry ghosts
  Menkaure (D:5)
  Eustachio (D:4)
  Edmund (D:5)
  2 water moccasins
  4 orc warriors
  4 ice beasts
  3 sky beasts
  2 black bears
  4 ogres
  2 phantoms
  2 wolves (D:9)
  4 centaurs
  A crocodile (D:9)
  3 big kobolds (D:8)
  6 bullfrogs
  A wyvern skeleton (D:9)
  A water moccasin zombie (D:8)
  4 scorpions
  17 killer bees
  A wight (D:9)
  3 howler monkeys (D:7)
  4 bullfrog zombies
  2 crimson imps
  2 quasits
  5 hounds
  A jelly (D:6)
  2 bullfrog skeletons
  3 orc priests
  6 iguanas
  4 worker ants
  4 orc wizards
  A hell rat (D:9)
  A killer bee zombie (D:7)
  A hound skeleton (D:6)
  8 gnolls
  14 adders
  3 howler monkey skeletons
  2 river rats (D:9)
  3 shadow imps
  An ooze (D:6)
  An adder skeleton (D:4)
  3 worms
  4 dart slugs
  4 leopard geckos
  26 orcs
  2 ball pythons
  11 bats
  7 giant cockroaches
  6 goblins
  15 hobgoblins
  7 jackals
  3 quokkas
  9 frilled lizards
  A giant cockroach zombie (D:5)
  7 kobolds
  A leopard gecko zombie (D:6)
  8 rats
269 creatures vanquished.

Notes
Turn   | Place    | Note
-------+----------+-------------------------------------------
     0 | D:1      | MisterFreud the Troll Monk began the quest for the Orb.
     0 | D:1      | Reached XP level 1. HP: 22/22 MP: 0/0
   160 | D:1      | Reached XP level 2. HP: 29/29 MP: 1/1
   276 | D:1      | Reached XP level 3. HP: 36/36 MP: 2/2
   672 | D:2      | Reached XP level 4. HP: 34/44 MP: 3/3
   676 | D:2      | Reached skill level 5 in Unarmed Combat
  1137 | D:2      | Reached XP level 5. HP: 41/50 MP: 4/4
  2208 | D:4      | Reached XP level 6. HP: 49/59 MP: 5/5
  2211 | D:4      | Noticed Eustachio
  2228 | D:4      | Killed Eustachio
  2325 | D:4      | Noticed Grinder
  2334 | D:4      | Killed Grinder
  2334 | D:4      | Reached XP level 7. HP: 55/66 MP: 6/6
  2347 | D:4      | Found a staircase to the Ecumenical Temple.
  2366 | Temple   | Entered the Ecumenical Temple
  2499 | D:4      | Found Bosolol's Antique Weapon Shoppe.
  2656 | D:5      | Entered Level 5 of the Dungeon
  2682 | D:5      | Found an ancient bone altar of Kikubaaqudgha.
  2684 | D:5      | Found a blossoming altar of Fedhas.
  2803 | D:5      | Reached skill level 3 in Dodging
  2876 | D:5      | Noticed Edmund
  2885 | D:5      | Killed Edmund
  2885 | D:5      | Reached XP level 8. HP: 74/78 MP: 7/7
  2991 | D:5      | Found a shadowy altar of Dithmenos.
  3014 | D:5      | Reached skill level 4 in Dodging
  3083 | D:5      | Noticed Menkaure
  3094 | D:5      | Killed Menkaure
  3167 | D:5      | Reached skill level 5 in Fighting
  3167 | D:5      | Reached skill level 5 in Dodging
  3724 | D:6      | Reached XP level 9. HP: 84/88 MP: 8/8
  4381 | D:7      | Reached skill level 6 in Dodging
  4603 | D:7      | Reached skill level 7 in Dodging
  4729 | D:7      | Found a sparkling altar of Nemelex Xobeh.
  4732 | D:7      | Found an iron altar of Okawaru.
  4735 | D:7      | Found a shimmering blue altar of Sif Muna.
  4863 | D:7      | Became a worshipper of Warmaster Okawaru
  4863 | D:7      | Reached * piety under Okawaru
  4863 | D:7      | Reached ** piety under Okawaru
  4969 | D:7      | Reached skill level 1 in Invocations
  5468 | D:8      | Reached skill level 8 in Dodging
  5547 | D:8      | Reached *** piety under Okawaru
  5547 | D:8      | Reached skill level 1 in Shields
  5547 | D:8      | Reached XP level 10. HP: 70/98 MP: 11/11
  5643 | D:8      | Found a bloodstained altar of Trog.
  6077 | D:8      | Noticed a two-headed hydra
  6096 | D:8      | Killed a five-headed hydra
  6096 | D:8      | Reached **** piety under Okawaru
  6379 | D:9      | Reached skill level 5 in Invocations
  6444 | D:9      | Noticed Grum
  6468 | D:9      | Killed Grum
  6481 | D:9      | Reached ***** piety under Okawaru
  6634 | D:9      | Reached skill level 9 in Dodging
  6704 | D:9      | Found a staircase to the Lair.
  6704 | D:9      | Noticed a death yak
  6706 | D:9      | Noticed a death yak
  6707 | D:9      | Noticed a death yak
  6726 | D:10     | Entered Level 10 of the Dungeon
  7057 | D:9      | Reached XP level 11. HP: 104/105 MP: 14/14
  7092 | D:9      | Found a sacrificial altar of Ru.
  7291 | D:9      | Found a snail-covered altar of Cheibriados.
  7627 | D:9      | Reached skill level 10 in Dodging
  7685 | D:9      | Killed a death yak
  7685 | D:9      | Received a gift from Okawaru
  7694 | D:9      | Mangled by a death yak

Levels and vault maps discovered:
D:1:      dpeg_arrival_three_smaller_balls, layout_basic, st_stairs_6
D:2:      minmay_inner_zag, layout_basic
D:3:      layout_basic, first_ration
D:4:      layout_rooms, minmay_temple_entry_mist, serial_shops, shop,
          abandoned_shop, uniq_eustachio, uniq_grinder
D:5:      layout_loops_ring, grunt_temple_overflow_growth_and_decay,
          grunt_dithmenos_shadows, uniq_edmund, uniq_menkaure
D:6:      layout_cave_pods, minmay_misc_feat_five, st_stairs_8
D:7:      layout_gridville, grunt_temple_overflow_diamond
D:8:      layout_loops_ring, nicolae_overflow_hidden_temple, hangedman_ranch
          [blue_anna_fruit_fields]
D:9:      layout_loops_corners, lemuel_round_altar, marbit_many_paths,
          dpeg_lair_monsters, uniq_grum
D:10:     layout_cross, serial_shops, shop_fountains, david_defended_altar_elf
Temple:   minmay_temple_bridge_abc

Skill      XL: |  1  2  3  4  5  6  7  8  9 10 11 |
---------------+----------------------------------+-----
Unarmed Combat | 4 5 6 8 |  8.9
Fighting       | 3 5 6 |  6.2
Dodging        | 3 5 8 9 10 | 10.0
Invocations    | 3 6 |  6.0
Shields        | 1 4 |  4.3
Stealth        | |  1.0

Action                   |  1- 3 |  4- 6 |  7- 9 | 10-12 || total
-------------------------+-------+-------+-------+-------++-------
Melee: Unarmed           |    87 |   158 |   306 |   354 ||   905
       Punch             |     2 |     3 |    11 |       ||    16
Invok: Heroism           |       |       |       |     2 ||     2
Evoke: Wand              |       |       |       |     3 ||     3
  Use: Scroll            |       |    11 |     4 |     7 ||    22
       Potion            |       |       |       |     3 ||     3
 Stab: Sleeping          |     2 |     5 |     9 |     4 ||    20
  Eat: Chunk             |     9 |    16 |    35 |    29 ||    89
Armor: Robe              |    39 |    51 |    70 |    58 ||   218
       Skin              |       |       |       |    17 ||    17
Dodge: Dodged            |    41 |    93 |   154 |   151 ||   439
Block: Shield            |       |       |       |   195 ||   195

Table legend:
 A = Non-vault XP
 B = Vault XP
 C = Vault XP percentage of total XP
 D = Non-vault monster count
 E = Vault monster count
 F = Vault count percentage of total count
                 A         B        C        D         E       F
            +---------+---------+-------+---------+---------+-------
      Total |    9831 |    4507 |  31.4 |     240 |      29 |  10.8
            +---------+---------+-------+---------+---------+-------
        D:1 |      58 |       1 |   1.7 |      32 |       1 |   3.0
        D:2 |     183 |      20 |   9.9 |      32 |       6 |  15.8
        D:3 |      63 |       0 |   0.0 |      20 |       0 |   0.0
        D:4 |     203 |     448 |  68.8 |       8 |       2 |  20.0
        D:5 |     881 |     468 |  34.7 |      22 |       3 |  12.0
        D:6 |     742 |       7 |   0.9 |      21 |       1 |   4.5
        D:7 |    1670 |       0 |   0.0 |      25 |       0 |   0.0
        D:8 |    2047 |    2163 |  51.4 |      30 |       8 |  21.1
        D:9 |    3364 |    1400 |  29.4 |      40 |       8 |  16.7
       D:10 |     620 |       0 |   0.0 |      10 |       0 |   0.0
            +---------+---------+-------+---------+---------+-------
